 Dungeon Crawl Stone Soup version 0.23.2-40-g277498a (webtiles) character file.

Game seed: 3950272344776122780

15579 Fang the Fighter (level 12, 0/82 HPs)
             Began as a Gargoyle Berserker on Oct 18, 2019.
             Was a High Priest of Trog.
             Slain by a ten-headed hydra (7 damage)
             ... on level 1 of the Lair of Beasts.
             The game lasted 00:16:13 (10819 turns).

Fang the Fighter (Gargoyle Berserker)              Turns: 10819, Time: 00:16:14

Health: 0/82       AC: 32    Str: 24    XL:     12   Next: 28%
Magic:  0/12       EV: 15    Int: 10    God:    Trog [*****.]
Gold:   644        SH:  0    Dex:  9    Spells: 11/11 levels left

rFire    . . .     SeeInvis +   a - +5 battleaxe
rCold    . . .     Gourm    .   (shield currently unavailable)
rNeg     + . .     Faith    .   b - +1 plate armour
rPois    ∞         Spirit   +   g - +2 helmet {SInv}
rElec    +         Reflect  .   G - scarf {repulsion}
rCorr    .         Harm     .   q - +2 pair of gloves
MR       ++...                  (no boots)
Stlth    ..........             E - amulet of guardian spirit
HPRegen  1.23/turn              u - +5 ring of evasion
MPRegen  0.13/turn              o - +2 ring of protection

@: berserk cooldown, starving, regenerating, slowed, repel missiles, very slow
A: negative energy resistance 1, electricity resistance, unbreathing,
petrification resistance, rot immunity, AC +8
a: Berserk, Trog's Hand, Brothers in Arms, Renounce Religion


You were on level 1 of the Lair of Beasts.
You worshipped Trog.
Trog was extremely pleased with you.
You were starving.

You visited 3 branches of the dungeon, and saw 13 of its levels.

You collected 644 gold pieces.

Inventory:

Hand Weapons
 a - a +5 battleaxe (weapon)
Armour
 b - a +1 plate armour (worn)
 g - a +2 helmet of see invisible (worn)
 q - a +2 pair of gloves (worn)
 G - a scarf of repulsion (worn)
Jewellery
 i - an uncursed ring of protection from magic
 o - a +2 ring of protection (right hand)
 u - a +5 ring of evasion (left hand)
 B - an uncursed ring of stealth
 D - a +3 ring of dexterity
 E - an amulet of guardian spirit (around neck)
Wands
 d - a wand of iceblast (7)
 r - a wand of digging (9)
 y - a wand of polymorph (13)
 A - a wand of acid (7)
 C - a wand of paralysis (10)
Scrolls
 f - 8 scrolls of remove curse
 k - 8 scrolls of teleportation
 l - a scroll of blinking
 z - a scroll of magic mapping
 J - 3 scrolls of fear
 K - a scroll of identify
 L - a scroll of enchant armour
Potions
 e - a potion of berserk rage
 h - 2 potions of ambrosia
 j - 2 potions of lignification {unknown}
 m - 5 potions of curing {unknown}
 n - 3 potions of haste {unknown}
 p - 3 potions of heal wounds {unknown}
 s - 2 potions of resistance
 t - a potion of flight
 v - a potion of agility
 w - a potion of brilliance
 x - a potion of invisibility {unknown}
 F - a potion of cancellation {unknown}
 H - 4 potions of might {unknown}
Comestibles
 c - 21 rations
 I - 13 chunks of flesh


   Skills:
 * Level 12.4 Fighting
 * Level 10.7 Axes
 + Level 9.4 Armour
 + Level 7.1 Dodging


You had 11 spell levels left.
You didn't know any spells.
Your spell library was empty.

Dungeon Overview and Level Annotations

Branches:
Dungeon (11/15)            Temple (1/1) D:4            Lair (1/6) D:9
    Orc (0/2) D:11

Altars:
Ashenzari
Fedhas
Okawaru
Trog
Wu Jian
The Shining One

Shops:
D:4 (   D:5 (


Innate Abilities, Weirdness & Mutations

You are resistant to torment.
Your stone body is resilient. (AC +8)
You are immune to poison.
You resist negative energy. (rN+)
You are resistant to electric shocks. (rElec)
You can survive without breathing.
You are immune to petrification.
You are immune to rotting.


Message History

The ten-headed hydra bites you but does no damage.
The ten-headed hydra misses you.
The ten-headed hydra closely misses you.
Okay, then.
Your skin crawls.
You feel resistant to hostile enchantments.
You are near starving!
The komodo dragon barely misses you.
The ten-headed hydra bites you but does no damage.
The ten-headed hydra misses you. The ten-headed hydra barely misses you.
The ten-headed hydra bites you but does no damage. x4
The ten-headed hydra barely misses you.
The ten-headed hydra bites you but does no damage.
The ten-headed hydra misses you. The komodo dragon bites you.
Your deep troll goes berserk!
You are starving!
The ten-headed hydra bites you but does no damage. x4
The ten-headed hydra closely misses you. x2
The ten-headed hydra bites you!
You die...

##)...#..........##
###..#...##.#..#.#.#
#.#####..................##
#..........##.............#
#.....##....###.............
#....##
#.....#.............# #...
#...................# ...
#..TDl....##......... ..
#...@....###......... .
........................
........................
........................
................♣.......
............♣≈. ........
...........≈≈.≈ ≈..♣....
.........♣≈≈≈≈


You could see a ten-headed hydra, a komodo dragon and a friendly deep troll
(berserk).

Vanquished Creatures
  Snorg (D:11)
  Harold (D:7)
  A hydra (D:8)
  2 two-headed ogres (D:9)
  Nergalle (Lair:1)
  An unseen horror (D:11)
  An ugly thing (D:11)
  A manticore (D:9)
  3 molten gargoyles (D:9)
  A komodo dragon (D:9)
  3 hippogriffs
  Grinder (D:3)
  A slime creature (D:10)
  2 dream sheep (D:8)
  8 yaks
  2 wraiths
  Eustachio (D:5)
  2 wargs (D:11)
  A soldier ant (D:11)
  Duvessa (D:5)
  3 orc warriors
  5 ice beasts
  A phantom (D:8)
  3 sky beasts
  2 ogres
  4 wolves (Lair:1)
  2 necrophages
  3 crocodiles
  4 centaurs
  4 big kobolds
  Blork the orc (D:5)
  2 bullfrogs
  A wyvern zombie (D:8)
  4 scorpions
  2 wyvern skeletons (D:10)
  A water moccasin skeleton (D:3)
  Dowan (D:5)
  12 killer bees
  4 howler monkeys (D:7)
  4 electric eels (D:11)
  A lava snake (D:9)
  5 crimson imps
  2 hounds
  6 jellies (D:10)
  2 bullfrog zombies
  A centaur skeleton (D:5)
  7 orc wizards
  A gnoll shaman (D:4)
  8 orc priests
  A bullfrog skeleton (D:10)
  3 iguanas
  10 worker ants
  A hound zombie (D:7)
  A hound skeleton (D:8)
  6 gnolls
  8 adders
  3 shadow imps
  15 oozes
  An adder skeleton (D:4)
  2 worms (D:3)
  A dart slug (D:4)
  6 leopard geckos
  42 orcs
  9 giant cockroaches
  8 goblins
  5 hobgoblins
  2 jackals (D:6)
  12 quokkas
  11 bats
  4 frilled lizards
  A jackal zombie (D:8)
  13 kobolds
  A leopard gecko zombie (D:5)
  A quokka skeleton (D:4)
  10 rats
  A plant (D:11)
309 creatures vanquished.

Vanquished Creatures (collateral kills)
  A molten gargoyle (D:9)
1 creature vanquished.

Vanquished Creatures (others)
  7 fungi (D:10)
  2 plants (D:9)
9 creatures vanquished.

Grand Total: 319 creatures vanquished

Notes
Turn   | Place    | Note
-------+----------+-------------------------------------------
     0 | D:1      | Fang the Gargoyle Berserker began the quest for the Orb.
     0 | D:1      | Reached XP level 1. HP: 14/14 MP: 1/1
   286 | D:1      | Reached XP level 2. HP: 18/19 MP: 2/2
   970 | D:1      | Reached XP level 3. HP: 24/24 MP: 3/3
  1041 | D:1      | You fall through a shaft!
  1044 | D:2      | Reached ** piety under Trog
  1353 | D:2      | Found a faded altar of an unknown god.
  1362 | D:2      | Reached XP level 4. HP: 29/29 MP: 4/4
  1428 | D:2      | Reached skill level 4 in Fighting
  1979 | D:3      | Reached XP level 5. HP: 17/34 MP: 5/5
  2177 | D:3      | Found an ornate altar of the Wu Jian Council.
  2478 | D:3      | Noticed a centaur
  2499 | D:3      | Killed a centaur
  2499 | D:3      | Reached XP level 6. HP: 19/39 MP: 6/6
  2716 | D:3      | Noticed Grinder
  2731 | D:3      | Paralysed by Grinder for 5 turns
  2740 | D:3      | Killed Grinder
  2740 | D:3      | Reached skill level 5 in Fighting
  2740 | D:3      | Reached XP level 7. HP: 44/44 MP: 7/7
  3466 | D:4      | Found Hurohepn's Antique Weapon Shoppe.
  3644 | D:4      | Reached *** piety under Trog
  3669 | D:4      | Found a staircase to the Ecumenical Temple.
  3798 | Temple   | Entered the Ecumenical Temple
  4103 | D:4      | Found a blossoming altar of Fedhas.
  4360 | D:5      | Entered Level 5 of the Dungeon
  4360 | D:5      | Noticed Blork the orc
  4368 | D:5      | Killed Blork the orc
  4427 | D:5      | Found Bumihe Noobb's Weapon Shop.
  4460 | D:5      | Reached skill level 6 in Fighting
  4460 | D:5      | Reached skill level 5 in Axes
  4474 | D:5      | Noticed Dowan
  4475 | D:5      | Noticed Duvessa
  4483 | D:5      | Killed Dowan
  4483 | D:5      | Reached XP level 8. HP: 51/51 MP: 8/8
  4493 | D:5      | Killed Duvessa
  4493 | D:5      | Reached skill level 5 in Armour
  4501 | D:5      | Found an iron altar of Okawaru.
  4567 | D:5      | Found a bloodstained altar of Trog.
  4770 | D:5      | Found a shattered altar of Ashenzari.
  4793 | D:5      | Noticed Eustachio
  4827 | D:5      | Killed Eustachio
  5039 | D:6      | Reached skill level 7 in Fighting
  5296 | D:6      | Reached XP level 9. HP: 51/57 MP: 9/9
  5298 | D:6      | Reached **** piety under Trog
  5609 | D:6      | Found a glowing golden altar of the Shining One.
  5758 | D:7      | Found an iron altar of Okawaru.
  5820 | D:7      | Reached skill level 8 in Fighting
  5973 | D:7      | Noticed Harold
  5987 | D:7      | Killed Harold
  5987 | D:7      | Reached skill level 9 in Fighting
  5987 | D:7      | Reached skill level 5 in Dodging
  6011 | D:7      | Reached XP level 10. HP: 40/66 MP: 5/10
  7141 | D:8      | Noticed a three-headed hydra
  7165 | D:8      | Killed a 14-headed hydra
  7165 | D:8      | Reached skill level 10 in Fighting
  7586 | D:9      | Noticed a manticore
  7599 | D:9      | Killed a manticore
  7760 | D:9      | Noticed a molten gargoyle
  7761 | D:9      | Noticed a molten gargoyle
  7769 | D:9      | Killed a molten gargoyle
  7770 | D:9      | Noticed a molten gargoyle
  7773 | D:9      | Killed a molten gargoyle
  7773 | D:9      | Reached XP level 11. HP: 69/73 MP: 6/11
  7849 | D:9      | Noticed a two-headed ogre
  8012 | D:9      | Killed a two-headed ogre
  8250 | D:9      | Found a staircase to the Lair.
  8297 | D:9      | Reached skill level 11 in Fighting
  8328 | D:9      | Noticed a two-headed ogre
  8339 | D:9      | Killed a two-headed ogre
  8823 | D:10     | Entered Level 10 of the Dungeon
  8832 | D:10     | Reached ***** piety under Trog
  8842 | D:10     | Received a gift from Trog
  8932 | D:10     | Reached skill level 10 in Axes
  9433 | D:11     | Noticed an unseen horror
  9436 | D:11     | Killed an unseen horror
  9448 | D:11     | Noticed Snorg
  9462 | D:11     | Killed Snorg
  9462 | D:11     | Reached skill level 12 in Fighting
  9743 | D:11     | Found a staircase to the Orcish Mines.
  9817 | D:11     | Reached XP level 12. HP: 81/81 MP: 12/12
 10113 | D:11     | Received a gift from Trog
 10571 | Lair:1   | Entered Level 1 of the Lair of Beasts
 10757 | Lair:1   | Noticed Nergalle
 10773 | Lair:1   | Killed Nergalle
 10799 | Lair:1   | Noticed an eight-headed hydra
 10817 | Lair:1   | HP: 3/82 [ten-headed hydra (6)]
 10819 | Lair:1   | Slain by a ten-headed hydra

Skill      XL: |  1  2  3  4  5  6  7  8  9 10 11 12 |
---------------+-------------------------------------+-----
Axes           | 3 4 5 6 7 9 10 | 10.7
Dodging        | 2 3 4 5 6 7 |  7.1
Armour         | 3 4 5 6 7 9 |  9.4
Fighting       | 4 5 6 7 9 10 12 | 12.4

Action                   |  1- 3 |  4- 6 |  7- 9 | 10-12 || total
-------------------------+-------+-------+-------+-------++-------
Melee: Hand axe          |   101 |   142 |    19 |       ||   262
       War axe           |       |       |   387 |   213 ||   600
       Battleaxe         |       |       |       |   231 ||   231
Invok: Berserk           |     1 |     2 |     5 |     9 ||    17
       Brothers in Arms  |       |       |       |     4 ||     4
       Trog's Hand       |       |       |       |     2 ||     2
  Use: Scroll            |       |       |    12 |    11 ||    23
  Eat: Chunk             |     2 |     6 |    17 |    21 ||    46
       Ration            |       |       |       |     1 ||     1
Armor: Animal skin       |    49 |    61 |       |       ||   110
       Chain mail        |       |    42 |    45 |       ||    87
       Plate armour      |       |       |   389 |   398 ||   787
Dodge: Dodged            |    70 |    89 |   235 |   414 ||   808
